 Dungeon Crawl Stone Soup version 0.26.1-11-gd32895ea62 (webtiles) character file.

Game seed: 16024231268188521739

140 Gwenloh the Grasshopper (level 5, -2/43 HPs)
             Began as a Gnoll Warper on May 30, 2021.
             Slain by Crazy Yiuf
             ... wielding a +3 quarterstaff of chaos
              (6 damage)
             ... on level 2 of the Dungeon.
             The game lasted 00:07:10 (3056 turns).

Gwenloh the Grasshopper (Gnoll Warper)              Turns: 3056, Time: 00:07:11

Health: -2/43      AC:  3    Str: 13    XL:     5   Next: 23%
Magic:  0/12       EV: 14    Int: 15    God:
Gold:   114        SH:  0    Dex: 16    Spells: 9/14 levels left

rFire    . . .     SeeInvis .   a - +0 spear
rCold    . . .     Faith    .   (no shield)
rNeg     . . .     Spirit   +   b - +0 leather armour
rPois    .         Reflect  .   (no helmet)
rElec    .         Harm     .   (no cloak)
rCorr    .         Rampage  .   (no gloves)
Will     .....                  (no boots)
Stlth    ++........             l - amulet of guardian spirit
HPRegen  0.14/turn              (no ring)
MPRegen  0.13/turn              (no ring)

@: no status effects
A: distributed training, fangs 1, strong nose
a: no special abilities


You were on level 2 of the Dungeon.
You visited 1 branch of the dungeon, and saw 2 of its levels.

You collected 114 gold pieces.

Inventory:

Hand Weapons
 a - a +0 spear (weapon)
Missiles
 e - 5 boomerangs of dispersal
 i - 67 stones
 k - 17 poisoned darts (quivered)
 p - 52 arrows
 t - 14 sling bullets
Armour
 b - a +0 leather armour (worn)
Jewellery
 l - an amulet of guardian spirit (around neck)
Scrolls
 d - a scroll of blinking
 f - 5 scrolls of teleportation {unknown}
 g - 3 scrolls of identify {unknown}
 h - a scroll of enchant weapon {unknown}
 j - a scroll of magic mapping {unknown}
 m - 2 scrolls of enchant armour {unknown}
 n - a scroll of remove curse {unknown}
Potions
 c - 2 potions of invisibility {unknown}
 o - a potion of mutation {unknown}
 q - 2 potions of flight {unknown}
 r - a potion of cancellation {unknown}
 s - a potion of ambrosia {unknown}


   Skills:
 + Level 4.7 Fighting
 + Level 1.4 Short Blades
 + Level 1.4 Long Blades
 + Level 1.4 Axes
 + Level 1.4 Maces & Flails
 + Level 4.7 Polearms
 + Level 1.4 Staves
 + Level 1.4 Slings
 + Level 1.4 Bows
 + Level 1.4 Crossbows
 + Level 2.9 Throwing
 + Level 2.9 Armour
 + Level 4.7 Dodging
 + Level 1.4 Stealth
 + Level 1.4 Shields
 + Level 1.4 Unarmed Combat
 + Level 5.1 Spellcasting
 + Level 1.1 Conjurations
 + Level 1.1 Hexes
 + Level 1.1 Summonings
 + Level 1.1 Necromancy
 + Level 5.5 Translocations
 + Level 1.1 Transmutations
 + Level 1.1 Fire Magic
 + Level 1.1 Ice Magic
 + Level 1.1 Air Magic
 + Level 1.1 Earth Magic
 + Level 1.1 Poison Magic
 + Level 1.5 Invocations
 + Level 1.4 Evocations


You had 9 spell levels left.
You knew the following spells:

 Your Spells              Type           Power        Failure   Level
a - Blink                 Tloc           N/A          3%          2
b - Gell's Gravitas       Tloc           10%          6%          3

Your spell library contained the following spells:

 Spells                   Type           Power        Failure   Level
 Lesser Beckoning         Tloc           10%          6%          3
 Teleport Other           Tloc           20%          6%          3
 Passage of Golubria      Tloc           N/A          21%         4


Dungeon Overview and Level Annotations

Branches:
Dungeon (2/15)

Altars:
Nemelex Xobeh
Qazlal

Annotations:
D:2 Crazy Yiuf


Innate Abilities, Weirdness & Mutations

Your experience applies equally to all skills.
You have very sharp teeth.
Your uncanny sense of smell can sniff out nearby items.


Message History

Space warps horribly around you!!
* * * LOW HITPOINT WARNING * * *
You barely miss Crazy Yiuf. Your bite misses Crazy Yiuf.
Crazy Yiuf is heavily wounded.
Crazy Yiuf hits you with a +3 quarterstaff of chaos.
* * * LOW HITPOINT WARNING * * *
You hit Crazy Yiuf.
Crazy Yiuf is severely wounded.
Casting: Blink (safe; 3% risk of failure)
Confirm with . or Enter, or press ? or * to list all spells.
You don't have enough magic to cast that spell.
Crazy Yiuf says, "Key!"
Crazy Yiuf laughs, "Citrus high koolooloo!"
You hit Crazy Yiuf.
Crazy Yiuf is severely wounded.
Crazy Yiuf barely misses you.
You completely miss Crazy Yiuf.
Crazy Yiuf is severely wounded.
Crazy Yiuf hits you with a +3 quarterstaff of chaos!
You die...

#
############....#
# #>.### ### #..#
..# #..# #.#
###..# #.# #....#
#.# #.##.# #.#
##.##g# #.#
#.>..@###### #.#
#..#.......# #.#
###..##.####.##
#.#
#..≈^.^.......#
#.#
#.≈##^..≈^≈#^.#
#.#
#.≈^^≈..^#^#..#
#.#
#.^^^#≈...##..#
#.#
#.^≈....≈^....#
#.#
#......_......#


You could see Crazy Yiuf.

Vanquished Creatures
  Terence (D:2)
  Robin (D:2)
  3 adders (D:2)
  A worm (D:2)
  A dart slug (D:1)
  3 leopard geckos (D:1)
  6 bats
  3 giant cockroaches
  10 hobgoblins
  4 jackals (D:2)
  A ball python (D:1)
  5 frilled lizards
  16 goblins
  3 kobolds
  7 rats
65 creatures vanquished.

Vanquished Creatures (others)
  4 fungi (D:2)
4 creatures vanquished.

Grand Total: 69 creatures vanquished

Notes
Turn   | Place    | Note
-------+----------+-------------------------------------------
     0 | D:1      | Gwenloh the Gnoll Warper began the quest for the Orb.
     0 | D:1      | Reached XP level 1. HP: 20/20 MP: 6/6
   159 | D:1      | Reached XP level 2. HP: 19/26 MP: 7/7
   261 | D:1      | Learned a level 2 spell: Blink
   640 | D:1      | Reached XP level 3. HP: 30/31 MP: 9/9
   664 | D:1      | Reached skill level 5 in Spellcasting
   668 | D:1      | Learned a level 3 spell: Gell's Gravitas
  1434 | D:2      | Reached skill level 1 in Invocations
  1525 | D:2      | Found a stormy altar of Qazlal.
  1664 | D:2      | Reached skill level 1 in Short Blades
  1664 | D:2      | Reached skill level 1 in Long Blades
  1664 | D:2      | Reached skill level 1 in Axes
  1664 | D:2      | Reached skill level 1 in Maces & Flails
  1664 | D:2      | Reached skill level 1 in Staves
  1664 | D:2      | Reached skill level 1 in Slings
  1664 | D:2      | Reached skill level 1 in Bows
  1664 | D:2      | Reached skill level 1 in Crossbows
  1664 | D:2      | Reached skill level 1 in Stealth
  1664 | D:2      | Reached skill level 1 in Shields
  1664 | D:2      | Reached skill level 1 in Unarmed Combat
  1664 | D:2      | Reached skill level 1 in Evocations
  1817 | D:2      | Noticed Robin
  1855 | D:2      | Reached XP level 4. HP: 30/38 MP: 7/11
  2013 | D:2      | Killed Robin
  2014 | D:2      | Reached skill level 1 in Conjurations
  2014 | D:2      | Reached skill level 1 in Hexes
  2014 | D:2      | Reached skill level 1 in Summonings
  2014 | D:2      | Reached skill level 1 in Necromancy
  2014 | D:2      | Reached skill level 1 in Transmutations
  2014 | D:2      | Reached skill level 1 in Fire Magic
  2014 | D:2      | Reached skill level 1 in Ice Magic
  2014 | D:2      | Reached skill level 1 in Air Magic
  2014 | D:2      | Reached skill level 1 in Earth Magic
  2014 | D:2      | Reached skill level 1 in Poison Magic
  2403 | D:2      | Found a sparkling altar of Nemelex Xobeh.
  2443 | D:2      | Noticed Terence
  2460 | D:2      | Killed Terence
  2461 | D:2      | Reached XP level 5. HP: 34/43 MP: 9/12
  2825 | D:2      | Found a runed translucent door.
  2826 | D:2      | Noticed Crazy Yiuf
  3042 | D:2      | HP: 2/43 [Crazy Yiuf/+3 quarterstaff of chaos (3)]
  3056 | D:2      | Slain by Crazy Yiuf

Illustrated notes

Levels and vault maps discovered:
D:1:      dpeg_arrival_central, layout_basic
D:2:      layout_loops_ring, nemelex_xobeh_ov_fountains_minmay,
          grunt_qazlal_sundering, uniq_terence, uniq_crazy_yiuf_cottage,
          uniq_robin

Skill      XL: |  1  2  3  4 |
---------------+-------------+-----
Spellcasting   | 5 |  5.1
Invocations    | 1 |  1.5
Short Blades   | 1 |  1.4
Long Blades    | 1 |  1.4
Axes           | 1 |  1.4
Maces & Flails | 1 |  1.4
Staves         | 1 |  1.4
Slings         | 1 |  1.4
Bows           | 1 |  1.4
Crossbows      | 1 |  1.4
Stealth        | 1 |  1.4
Shields        | 1 |  1.4
Unarmed Combat | 1 |  1.4
Evocations     | 1 |  1.4
Conjurations   | 1 |  1.1
Hexes          | 1 |  1.1
Summonings     | 1 |  1.1
Necromancy     | 1 |  1.1
Transmutations | 1 |  1.1
Fire Magic     | 1 |  1.1
Ice Magic      | 1 |  1.1
Air Magic      | 1 |  1.1
Earth Magic    | 1 |  1.1
Poison Magic   | 1 |  1.1
Fighting       | |  4.7
Polearms       | |  4.7
Throwing       | |  2.9
Armour         | |  2.9
Dodging        | |  4.7
Translocations | |  5.5

Action                   |  1- 3 |  4- 6 || total
-------------------------+-------+-------++-------
Melee: Spear             |   169 |   112 ||   281
       Bite              |    10 |     7 ||    17
Throw: Stone             |    10 |       ||    10
       Dart              |    22 |    15 ||    37
 Cast: Blink             |     1 |     3 ||     4
 Stab: Sleeping          |     1 |     2 ||     3
Armor: Leather armour    |    32 |    12 ||    44
Dodge: Dodged            |    87 |    52 ||   139
